 Dungeon Crawl Stone Soup version 0.26-a0-497-g0187308201 (webtiles) character file.

Game seed: 11405975173847001657

16 ANON1729 the Chucker (level 2, -3/31 HPs)
             Began as an Ogre Hunter on Aug 6, 2020.
             Slain by a leopard gecko (5 damage)
             ... on level 1 of the Dungeon.
             The game lasted 00:00:58 (224 turns).

ANON1729 the Chucker (Ogre Hunter)                   Turns: 224, Time: 00:00:59

Health: -3/31      AC:  3    Str: 15    XL:     2   Next: 54%
Magic:  2/2        EV: 10    Int: 12    God:
Gold:   10         SH:  0    Dex:  9    Spells: 1/1 levels left

rFire    . . .     SeeInvis .   a - +0 short sword
rCold    . . .     Faith    .   (no shield)
rNeg     . . .     Spirit   .   b - +0 robe
rPois    .         Reflect  .   (helmet restricted)
rElec    .         Harm     .   (no cloak)
rCorr    .                      (gloves unavailable)
MR       .....                  (boots unavailable)
Stlth    +.........             (no amulet)
HPRegen  0.10/turn              (no ring)
MPRegen  0.08/turn              (no ring)

@: no status effects
A: large, unfitting armour, tough skin 1
a: no special abilities


You were on level 1 of the Dungeon.
You visited 1 branch of the dungeon, and saw 1 of its levels.

You collected 10 gold pieces.

Inventory:

Hand Weapons
 a - a +0 short sword (weapon)
Missiles
 c - 3 large rocks (quivered)
 d - 2 throwing nets
Armour
 b - a +0 robe (worn)
Scrolls
 e - a scroll of fog {unknown}
 f - a scroll of teleportation {unknown}
Potions
 g - a potion of heal wounds {unknown}
 h - 2 potions of brilliance {unknown}


   Skills:
 + Level 3.1 Fighting
 + Level 4.1 Throwing
 + Level 2.0 Dodging
 + Level 1.0 Stealth


You had one spell level left.
You didn't know any spells.
Your spell library was empty.

Dungeon Overview and Level Annotations

Branches:
Dungeon (1/15)

Altars:


Innate Abilities, Weirdness & Mutations

You are too large for most types of armour.
You have tough skin. (AC +1)


Message History

You hit the frilled lizard.
You kill the frilled lizard!
You hit the leopard gecko.
The leopard gecko is severely wounded.
The leopard gecko misses you.
You barely miss the leopard gecko.
The leopard gecko is severely wounded.
The leopard gecko closely misses you. The leopard gecko bites you.
* * * LOW HITPOINT WARNING * * *
Throwing (i - inventory. (/) - cycle)
c - 4 large rocks (quivered)
Press: ? - help, Shift-Dir - straight line, f/p - leopard gecko
Aim: a leopard gecko (severely wounded)
You throw a large rock.
The large rock barely misses the leopard gecko.
The large rock hits the kobold.
The kobold is severely wounded.
The leopard gecko bites you.
* * * LOW HITPOINT WARNING * * *
The leopard gecko bites you.
You die...

####
.......#+##+###
..............
............
###.........
....... ...
#.?..##.#
###....(#@#
........#l########.
###.....#K.........
+....l.>........
#.K.#........##
...............###.
..#.####...........
. #. #.........###.
# #.##..#####


You could see a leopard gecko and a kobold.

Vanquished Creatures
  3 dart slugs (D:1)
  2 hobgoblins (D:1)
  A bat (D:1)
  3 frilled lizards (D:1)
  A kobold (D:1)
  2 rats (D:1)
12 creatures vanquished.

Notes
Turn   | Place    | Note
-------+----------+-------------------------------------------
     0 | D:1      | ANON1729 the Ogre Hunter began the quest for the Orb.
     0 | D:1      | Reached XP level 1. HP: 22/22 MP: 1/1
   152 | D:1      | Reached XP level 2. HP: 29/31 MP: 2/2
   183 | D:1      | Reached skill level 1 in Stealth
   224 | D:1      | Slain by a leopard gecko

Illustrated notes

Levels and vault maps discovered:
D:1:      dpeg_arrival_more_subterranean_lakeside_camping, layout_basic,
          minmay_lizard_king

Skill      XL: |  1  2 |
---------------+-------+-----
Fighting       | 3 |  3.1
Dodging        | 2 |  2.0
Stealth        | 1 |  1.0
Throwing       | |  4.1

Action                   || total
-------------------------++-------
Melee: Short sword       ||    53
Throw: Large rock        ||     2
Armor: Robe              ||    19
Dodge: Dodged            ||    33

Table legend: (Time is in decaauts)
 A = Elapsed time spent in this place.
 B = Non-inter-level travel time spent in this place.
 C = Inter-level travel time spent in this place.
 D = Time resting spent in this place.
 E = Time spent auto-exploring this place.
 F = Levels seen in this place.
 G = Mean time per level.
                   A        B        C        D        E       F      G
               +--------+--------+--------+--------+--------+-----+--------+
         Total |    230 |    230 |      0 |      0 |    128 |   1 |  230.0 |
       Dungeon |    230 |    230 |      0 |      0 |    128 |   1 |  230.0 |
               +--------+--------+--------+--------+--------+-----+--------+

Top non-repeatable levels by time:
     D:1: 230 daAuts
